 Dungeon Crawl Stone Soup version 0.31-a0-940-gdaa99269f9 (webtiles) character file.

Game seed: 2537531123753058639

176 avis the Ducker (level 5, 23/23 HPs)
             Began as a Felid Artificer on Oct 21, 2023.
             Got out of the dungeon alive.
             The game lasted 00:24:07 (3268 turns).

avis the Ducker (Felid Artificer)                   Turns: 3268, Time: 00:24:07

Health: 23/23      AC:  1    Str: 10    XL:     5   Next: 30%
Magic:  6/6        EV: 20    Int: 12    God:
Gold:   149        SH:  0    Dex: 17    Spells: 4/4 levels left
                                        Lives:  0   Deaths: 2

rFire   . .          .
                       - Unarmed
rCold   . . .        (shield unavailable)
rNeg    . . .        (body armour unavailable)
rPois   .            (helmet unavailable)
rElec   .            (cloak unavailable)
rCorr   .            (gloves unavailable)
SInv    +            (boots unavailable)
Will    .....        (no amulet)
Stlth   ++           (no ring)
HPRegen 0.23/turn    (no ring)
MPRegen 0.10/turn

%: no passive effects
@: quick
A: very small, claws 1, fangs 3, see invisible, speed 1, shaggy fur 1, stealthy
paws, no weapons or thrown items, no armour, multi-lived
a: no special abilities


You escaped.
You visited 1 branch of the dungeon, and saw 4 of its levels.
You also visited: Ossuary.

You collected 149 gold pieces.

Inventory:

Wands
 a - a wand of flame (12) (quivered)
 b - a wand of charming (9)
 c - a wand of iceblast (3)
Scrolls
 d - a scroll of poison {unknown}
 e - 3 scrolls of identify {unknown}
 i - a scroll of fear {unknown}
 j - 4 scrolls of teleportation {unknown}
 l - a scroll of immolation {unknown}
 m - a scroll of amnesia {unknown}
 n - a scroll of noise {unknown}
 o - a scroll of blinking {unknown}
Potions
 f - a potion of attraction {unknown}
 g - a potion of enlightenment {unknown}
 h - 2 potions of curing {unknown}
 k - a potion of degeneration {unknown}
 p - 2 potions of berserk rage {unknown}


   Skills:
 * Level 2.7 Fighting
 - Level 6.0 Dodging
 - Level 1.3 Stealth
 - Level 2.0 Unarmed Combat
 - Level 3.2 Evocations


You had 4 spell levels left.
You didn't know any spells.
Your spell library contained the following spells:

 Spells                   Type           Power      Damage    Failure   Level
 Apportation              Tloc           0%         N/A       32%         1
 Necrotise                Necr           0%         1d4       32%         1
 Jinxbite                 Hex            0%         N/A       45%         2
 Vampiric Draining        Necr           0%         2d6       69%         3
 Agony                    Necr           0%         N/A       100%        5
 Alistair's Intoxication  Tmut/Pois      0%         N/A       100%        5


Dungeon Overview and Level Annotations

Branches:
Dungeon (4/15)            Ossuary (visited)
 Temple: D:4-7

Altars:
Sif Muna


Innate Abilities, Weirdness & Mutations

You have sharp claws.
You have razor-sharp teeth.
You have supernaturally acute eyesight. (SInv)
You cover ground quickly. (Speed+)
You are covered in fur. (AC +1)
Your paws help you pounce on unaware monsters.
You are incapable of wielding weapons or throwing items.
You cannot wear armour.
You gain extra lives every three experience levels.


Message History

Ouch! That really hurt!
You scratch the iguana.
You kill the iguana!
Found a scroll labelled KOACKA ROEBATIB.
p - 2 fuming emerald potions
Found 15 gold pieces.
You now have 134 gold pieces (gained 12).
Found a stone staircase leading down.
You now have 149 gold pieces (gained 15).
A goblin comes into view. It is wielding a +0 club.
You see here a scroll labelled KOACKA ROEBATIB.
The goblin completely misses you.
You see here a scroll labelled KOACKA ROEBATIB.
You scratch the goblin.
The goblin is moderately wounded.
The goblin closely misses you.
You claw the goblin!
You kill the goblin!
e - 3 scrolls labelled KOACKA ROEBATIB (gained 1)
There is a stone staircase leading up here.
You climb upwards.
There is a stone staircase leading down here.
What level of the Dungeon? (default 3, ? - help)
Things that are here:
a +0 club; a kobold skeleton; a hobgoblin skeleton HP restored.
There is a stone staircase leading up here.
You climb upwards.
There is a stone staircase leading down here.
Things that are here:
a +0 helmet; a +0 animal skin; a +0 spear
There is a stone staircase leading up here.
You climb upwards.
There is a stone staircase leading down here.
Things that are here:
a +0 dagger; a +0 sling; a +0 club
Things that are here:
4 stones; a +0 short sword
There is a staircase leading out of the dungeon here.
You have escaped!

#...................###..#.#####
#######.........................
####..≈≈≈.≈≈≈.....##.#####
####### ##..≈≈♣....≈≈....##.#####
......# #..≈≈..8....≈≈...##......
#####.# #.≈≈.........≈≈..########
#.###.≈...........≈..#
#..##.≈........8..≈..## ###
#####.....≈≈..8.@....≈≈...# #..
......###..≈≈..♣....≈≈....#####.#
.###### ##..≈≈.....≈≈...........#
.# ##..≈≈≈≈≈≈≈......####### .#
#...............# .#
#..#.#.........## .#
##...##.#####..# .# ###.##.# #..#
## #######.##.# #..#


There were no monsters in sight!

Vanquished Creatures
  An iguana (D:4)
  An orc wizard (D:3)
  A gnoll (D:2)
  3 adders
  2 worms
  A dart slug (D:3)
  4 orcs
  3 ball pythons (D:1)
  4 endoplasms
  4 giant cockroaches
  8 goblins
  9 hobgoblins
  2 quokkas
  5 bats
  4 frilled lizards
  5 kobolds
  13 rats
70 creatures vanquished.

Vanquished Creatures (collateral kills)
  A ball python (D:3)
  2 goblins (D:2)
  A frilled lizard (D:2)
4 creatures vanquished.

Vanquished Creatures (others)
  Robin (D:2)
  A gnoll (D:2)
  An adder (D:3)
3 creatures vanquished.

Grand Total: 77 creatures vanquished

Notes
Turn   | Place    | Note
-------+----------+-------------------------------------------
     0 | D:1      | avis the Felid Artificer began the quest for the Orb.
     0 | D:1      | Reached XP level 1. HP: 9/9 MP: 2/2
   244 | D:1      | Reached XP level 2. HP: 13/13 MP: 3/3
   887 | D:2      | Reached skill level 4 in Dodging
   887 | D:2      | Reached skill level 1 in Unarmed Combat
   896 | D:2      | Reached XP level 3. HP: 16/16 MP: 4/4
  1312 | D:2      | Noticed Robin
  1504 | D:2      | Reached skill level 5 in Dodging
  1515 | D:2      | Your ally Robin died
  1754 | D:2      | Reached XP level 4. HP: 18/19 MP: 5/5
  1852 | D:2      | Slain by a gnoll
  2542 | D:3      | Found a shimmering blue altar of Sif Muna.
  2623 | D:3      | Reached skill level 6 in Dodging
  2630 | D:3      | Reached XP level 5. HP: 17/22 MP: 6/6
  3063 | D:4      | Noticed an ogre
  3069 | D:4      | Slain by an iguana
  3105 | D:4      | Found a sand-covered staircase.
  3110 | Ossuary  | Entered an ossuary
  3268 | D:$      | Got out of the dungeon alive.

Illustrated notes

Levels and vault maps discovered:
D:1:      moated_graveyard_arrival, layout_loops_ring, dreamdust_princess_bridge
D:2:      layout_rooms, reono_crystal_passage, minivault_26, st_stairs_12,
          minmay_indecisive_spiral, uniq_robin
D:3:      layout_rooms, mainiacjoe_overflow_tiny_flanked
D:4:      layout_loops_ring, mainiacjoe_overflow_concentric_impassable,
          enter_ossuary_2, serial_aquarium, aquarium_bridge_straight
          [aquarium_subvault_bridge, aquarium_subvault_wall,
          aquarium_subvault_bridge, aquarium_subvault_window],
          aquarium_window_fake, aquarium_window_corner, aquarium_window_2,
          aquarium_view_2c, aquarium_view_2d, aquarium_balcony_3a

Skill      XL: |  1  2  3  4 |
---------------+-------------+-----
Fighting       | 2 |  2.7
Dodging        | 4 5 6 |  6.0
Unarmed Combat | 1 2 |  2.0
Stealth        | |  1.3
Evocations     | |  3.2

Action                     |  1- 3 |  4- 6 || total
---------------------------+-------+-------++-------
  Melee: Unarmed           |   147 |   131 ||   278
         Bite              |    14 |    12 ||    26
         Punch             |     3 |     3 ||     6
  Evoke: Wand              |     5 |     6 ||    11
   Stab: Sleeping          |     9 |     3 ||    12
         Distracted        |       |     1 ||     1
 Armour: Skin              |    48 |    39 ||    87
  Dodge: Dodged            |   113 |   125 ||   238

Table legend: (Time is in decaauts)
 A = Elapsed time spent in this place.
 B = Non-inter-level travel time spent in this place.
 C = Inter-level travel time spent in this place.
 D = Time resting spent in this place.
 E = Time spent auto-exploring this place.
 F = Levels seen in this place.
 G = Mean time per level.
                   A        B        C        D        E       F      G
               +--------+--------+--------+--------+--------+-----+--------+
         Total |   2877 |   2646 |    231 |    656 |    895 |   5 |  575.4 |
       Dungeon |   2874 |   2643 |    231 |    656 |    895 |   4 |  718.5 |
       Ossuary |      2 |      2 |      0 |      0 |      0 |   1 |    2.0 |
               +--------+--------+--------+--------+--------+-----+--------+

Top non-repeatable levels by time:
     D:1: 1141 daAuts
     D:2: 977 daAuts
     D:3: 594 daAuts
     D:4: 160 daAuts
 Ossuary: 2 daAuts
